 Dungeon Crawl Stone Soup version 0.28-a0-984-g3775c662fe (webtiles) character file.

Game seed: 2306666153917572197

132 demibob the Magician (level 4, -3/32 HPs)
             Began as a Demonspawn Wanderer on Dec 4, 2021.
             Was a Follower of Nemelex Xobeh.
             Slain by a goblin (19 damage)
             ... on level 3 of the Dungeon.
             The game lasted 00:04:46 (2579 turns).

demibob the Magician (Demonspawn Wanderer)          Turns: 2579, Time: 00:04:47

Health: -3/32      AC:  3    Str: 14    XL:     4   Next: 92%
Magic:  8/8        EV: 11    Int: 14    God:    Nemelex Xobeh [*.....]
Gold:   68         SH:  0    Dex: 12    Spells: 8/9 levels left

rFire   . . .      SeeInvis +     - Unarmed
rCold   . . .      Faith    .   (no shield)
rNeg    . . .      Spirit   .   d - +1 robe
rPois   .          Reflect  .   (helmet restricted)
rElec   .          Harm     .   (no cloak)
rCorr   .          Rampage  .   (no gloves)
Will    .....                   (no boots)
Stlth   +.........              (no amulet)
HPRegen 0.10/turn               v - ring of see invisible
MPRegen 0.11/turn               (no ring)

@: no status effects
A: horns 2, foul stench 1
a: Renounce Religion, Draw Escape, Draw Destruction, Draw Summoning


You were on level 3 of the Dungeon.
You worshipped Nemelex Xobeh.
Nemelex Xobeh was aware of your devotion.
You visited 1 branch of the dungeon, and saw 3 of its levels.

You collected 128 gold pieces.
You spent 60 gold pieces at shops.


Innate Abilities, Weirdness & Mutations

You have a pair of horns on your head.
You may rarely emit foul miasma when damaged in melee.


   Skills:
 - Level 1.0 Fighting
 - Level 1.0 Polearms
 - Level 2.6 Bows
 - Level 1.7 Throwing
 * Level 2.5 Unarmed Combat
 - Level 3.0 Spellcasting
 - Level 1.1 Necromancy
 - Level 1.0 Air Magic
 + Level 2.9 Invocations


You had 8 spell levels left.
You knew the following spells:

 Your Spells              Type           Power      Damage    Failure   Level
z - Shock                 Conj/Air       12%        1d3       17%         1

Your spell library contained the following spells:

 Spells                   Type           Power      Damage    Failure   Level
 Pain                     Necr           20%        1d5       14%         1
 Mephitic Cloud           Conj/Pois/Air  3%         N/A       50%         3
 Agony                    Necr           5%         N/A       98%         5
 Excruciating Wounds      Necr           2%         N/A       98%         5

Inventory:

Hand Weapons
 a - a +2 shortbow
Missiles
 b - 27 arrows
 i - 2 throwing nets (quivered) {=f}
Armour
 d - a +1 robe (worn)
Jewellery
 e - an amulet of magic regeneration
 v - a ring of see invisible (left hand)
Wands
 f - a wand of iceblast (4)
Scrolls
 g - a scroll of vulnerability
 k - 3 scrolls of magic mapping
 o - a scroll of silence {unknown}
Potions
 c - a potion of lignification
 h - a potion of invisibility
 j - 2 potions of heal wounds {@q2}
 m - a potion of attraction {unknown}

Dungeon Overview and Level Annotations

Branches:
Dungeon (3/15)

Altars:
Nemelex Xobeh
Xom

Shops:
D:2

! .#......# #.#.####.#
........# #)#......#
##......# #.######## .
#......####.########
..
#..................#
...
##.####.....)......#
... #.#
#............### .. .
#.#
#####'######r..#.#....
.# #....@go...S......
########...#.#....
#...# # ## #...# #...#
#...# #...# #...#


You could see an orc, a goblin, a ball python and a rat.


Message History

The adder poisons you! The adder closely misses you.
You bump into the rock wall.
You feel sick. The adder bites you.
Unknown command.
You miss the adder. Your headbutt misses the adder.
The adder is severely wounded.
You feel sick. The adder closely misses you.
Unknown command.
Unknown command.
You hit the adder.
You kill the adder!
You bump into the rock wall.
You feel less invigorated.
You feel less confused.
You feel sick. The orc hits you with a +0 short sword.
You hit the orc.
The orc is severely wounded.
You feel sick. The orc hits you with a +0 short sword.
You hit the orc.
You kill the orc!
You feel sick.
You are no longer poisoned.
A ball python comes into view.
The ball python hisses angrily.
You hit the goblin. Your headbutt misses the goblin.
The goblin is moderately wounded.
The goblin hits you with a +2 dagger of electrocution.
* * * LOW HITPOINT WARNING * * *
You are electrocuted!!
Ouch! That really hurt!
You die...
Your body glows slightly and disappears.

Skill      XL: |  1  2  3  4 |
---------------+-------------+-----
Bows           | 2 |  2.6
Invocations    | 1 2 |  2.9
Polearms       | 1 |  1.0
Unarmed Combat | 1 2 |  2.5
Fighting       | |  1.0
Throwing       | |  1.7
Spellcasting   | |  3.0
Necromancy     | |  1.1
Air Magic      | |  1.0

Action                   |  1- 3 |  4- 6 || total
-------------------------+-------+-------++-------
Melee: Trident           |    41 |       ||    41
       Unarmed           |     4 |    32 ||    36
       Headbutt          |     1 |     4 ||     5
 Fire: Shortbow          |    68 |    21 ||    89
Invok: Draw Destruction  |     1 |     1 ||     2
  Use: Scroll            |     4 |       ||     4
       Potion            |       |     3 ||     3
Armor: Robe              |    17 |     2 ||    19
Dodge: Dodged            |    45 |    19 ||    64

Levels and vault maps discovered:
D:1:      amcnicky_arrival_gap_in_the_tavern_cellar, layout_loops_ring,
          hellmonk_ecumenical_altar_dog_temple
D:2:      layout_rooms, serial_shops, shop, basic_altar
D:3:      layout_basic, guppyfry_early_lair_pool, uniq_robin, uniq_ijyb

Notes
Turn   | Place    | Note
-------+----------+-------------------------------------------
     0 | D:1      | demibob the Demonspawn Wanderer began the quest for the
                  | Orb.
     0 | D:1      | demibob set off with the following items: a +2 shortbow, 29
                  | arrows, a potion of lignification, a +0 robe; and the
                  | following spell memorised: Shock; and the following spells
                  | available to memorise: Mephitic Cloud
     0 | D:1      | Reached XP level 1. HP: 15/15 MP: 4/4
    17 | D:1      | Reached skill level 2 in Bows
   139 | D:1      | Found a faded altar of an unknown god.
   150 | D:1      | Gained mutation: You may rarely emit foul miasma when
                  | damaged in melee. [demonic ancestry]
   150 | D:1      | Reached XP level 2. HP: 20/21 MP: 6/6
   166 | D:1      | Prayed at the altar of an unknown god.
   166 | D:1      | Became a worshipper of Nemelex Xobeh the Trickster
   166 | D:1      | Reached * piety under Nemelex Xobeh
   478 | D:1      | Received a gift from Nemelex Xobeh
   687 | D:1      | Reached skill level 1 in Invocations
   956 | D:2      | Found Qampuysm's Distillery.
   962 | D:2      | Reached skill level 1 in Polearms
  1205 | D:2      | You feel monstrous as your demonic heritage exerts itself.
  1205 | D:2      | Discovered your monstrous ancestry.
  1205 | D:2      | Gained mutation: You have a pair of small horns on your
                  | head. [demonic ancestry]
  1205 | D:2      | Reached XP level 3. HP: 26/26 MP: 7/7
  1227 | D:2      | Bought a potion of heal wounds for 60 gold pieces
  1522 | D:2      | Found a shimmering altar of Xom.
  1827 | D:3      | Noticed Ijyb
  1838 | D:2      | Killed Ijyb
  1839 | D:2      | Reached skill level 1 in Unarmed Combat
  1839 | D:2      | Reached skill level 2 in Invocations
  1839 | D:2      | Gained mutation: You have a pair of horns on your head.
                  | [demonic ancestry]
  1839 | D:2      | Reached XP level 4. HP: 21/32 MP: 8/8
  2235 | D:3      | Reached skill level 2 in Unarmed Combat
  2579 | D:3      | Slain by a goblin

Vanquished Creatures
  An orc priest (D:3)
  Ijyb (D:2)
  An adder (D:3)
  A worm (D:2)
  8 orcs (D:3)
  5 endoplasms
  2 giant cockroaches
  5 goblins
  3 hobgoblins
  4 jackals (D:1)
  3 quokkas (D:2)
  5 ball pythons
  5 bats
  5 frilled lizards
  4 kobolds
  4 rats (D:2)
57 creatures vanquished.

Vanquished Creatures (others)
  6 plants (D:3)
6 creatures vanquished.

Grand Total: 63 creatures vanquished

Table legend: (Time is in decaauts)
 A = Elapsed time spent in this place.
 B = Non-inter-level travel time spent in this place.
 C = Inter-level travel time spent in this place.
 D = Time resting spent in this place.
 E = Time spent auto-exploring this place.
 F = Levels seen in this place.
 G = Mean time per level.
                   A        B        C        D        E       F      G
               +--------+--------+--------+--------+--------+-----+--------+
         Total |   2602 |   2528 |     74 |    649 |   1463 |   3 |  867.3 |
       Dungeon |   2602 |   2528 |     74 |    649 |   1463 |   3 |  867.3 |
               +--------+--------+--------+--------+--------+-----+--------+

Top non-repeatable levels by time:
     D:1: 1185 daAuts
     D:2: 794 daAuts
     D:3: 622 daAuts

Table legend:
 A = Non-vault XP
 B = Vault XP
 C = Vault XP percentage of total XP
 D = Non-vault monster count
 E = Vault monster count
 F = Vault count percentage of total count
                 A         B        C        D         E       F
            +---------+---------+-------+---------+---------+-------
      Total |     146 |      43 |  22.8 |      52 |       5 |   8.8
            +---------+---------+-------+---------+---------+-------
        D:1 |      26 |       8 |  23.5 |      18 |       4 |  18.2
        D:2 |      32 |      35 |  52.2 |      19 |       1 |   5.0
        D:3 |      88 |       0 |   0.0 |      15 |       0 |   0.0
            +---------+---------+-------+---------+---------+-------
